 Dungeon Crawl Stone Soup version 0.32-a0-876-gcfddb08e57 (webtiles) character file.

Game seed: 12816707424832395925

420 dcgrp the Firebug (level 6, -5/51 HPs)
             Began as a Mountain Dwarf Fire Elementalist on Mar 31, 2024.
             Slain by a gnoll
             ... wielding a +0 halberd
             ... led by a gnoll sergeant
              (9 damage)
             ... on level 4 of the Dungeon.
             The game lasted 00:08:45 (3051 turns).

dcgrp the Firebug (MDFE)                            Turns: 3051, Time: 00:08:46

Health: -5/51      AC:  7    Str: 11    XL:     6   Next: 62%
Magic:  9/10       EV:  9    Int: 17    God:
Gold:   343        SH:  0    Dex: 10    Spells: 8/11 levels left

rFire   . . .        x - +0 war axe
rCold   . . .        (no shield)
rNeg    . . .        j - +0 ring mail
rPois   .            (no helmet)
rElec   .            c - +0 cloak
rCorr   .            (no gloves)
SInv    .            a - +0 pair of boots
Will    .....        h - amulet of magic regeneration Stlth
                     (no ring)
HPRegen 0.28/turn    (no ring)
MPRegen 0.52/turn

%: no passive effects
@: silenced
A: runic magic, artefact enchanting
a: no special abilities


You were on level 4 of the Dungeon.
You visited 1 branch of the dungeon, and saw 4 of its levels.

You collected 343 gold pieces.

Inventory:

Hand Weapons
 x - a +0 war axe (weapon)
Missiles
 i - 6 poisoned darts
 r - 3 curare-tipped darts
Armour
 a - a +0 pair of boots (worn)
 c - a +0 cloak (worn)
 j - a +0 ring mail (worn)
Magical Staves
 g - a staff of death
Jewellery
 h - an amulet of magic regeneration (around neck)
 p - a ring of positive energy
Wands
 s - a wand of quicksilver (11)
Scrolls
 d - 3 scrolls of teleportation {unknown}
 e - a scroll of amnesia
 k - a scroll of silence
 m - 2 scrolls of enchant armour {unknown}
 n - a scroll of immolation {unknown}
 t - 3 scrolls of identify {unknown}
 v - 2 scrolls of poison {unknown}
 y - a scroll of fear {unknown}
 A - a scroll of brand weapon {unknown}
Potions
 b - a potion of magic
 f - a potion of haste {unknown}
 l - a potion of brilliance {unknown}
 o - 2 potions of mutation {unknown}
 q - a potion of enlightenment {unknown}
 u - a potion of attraction {unknown}
 w - a potion of curing {unknown}
 z - a potion of might {unknown}


   Skills:
 - Level 3.0 Fighting
 + Level 2.4 Axes
 - Level 3.0 Armour
 - Level 1.3 Dodging
 - Level 1.4 Stealth
 - Level 3.0 Spellcasting
 - Level 0.8 Conjurations
 - Level 2.0 Translocations
 - Level 5.0 Fire Magic


You had 8 spell levels left.
You knew the following spells:

 Your Spells              Type           Power      Damage    Failure   Level
a - Foxfire               Conj/Fire      48%        2x1d6     6%          1
b - Blink                 Tloc           18%        N/A       14%         2

Your spell library contained the following spells:

 Spells                   Type           Power      Damage    Failure   Level
 Scorch                   Fire           38%        2d6       4%          2
 Apportation              Tloc           18%        N/A       10%         1
 Lesser Beckoning         Tloc           18%        N/A       14%         2
 Volatile Blastmotes      Fire/Tloc      28%        2d12      16%         3
 Sting                    Conj/Alch      16%        1d4       19%         1
 Momentum Strike          Conj/Tloc      14%        3d8       19%         2
 Necrotise                Necr           8%         1d4       22%         1
 Summon Small Mammal      Summ           8%         N/A       22%         1
 Inner Flame              Hex/Fire       11%        N/A       22%         3
 Mercury Vapours          Alch/Air       4%         N/A       32%         2
 Mephitic Cloud           Conj/Alch/Air  3%         N/A       50%         3
 Flame Wave               Conj/Fire      12%        2d6       54%         4
 Iskenderun's Mystic Bla Conj/Tloc 7%             2d4        (+2d1     75%         4
 Fulminant Prism          Conj/Alch      2%         3d5       87%         4
 Freezing Cloud           Conj/Ice/Air   1%         6-21      99%         5


Dungeon Overview and Level Annotations

Branches:
Dungeon (4/15)
 Temple: D:4-7

Altars:
Xom
Yredelemnul

Shops:
D:4 (

Annotations:
D:4 1 runed translucent door, Crazy Yiuf


Innate Abilities, Weirdness & Mutations

Your spellcasting is much less encumbered by armour.
You can use scrolls of enchantment on lesser artefacts.


Message History

Confirm with . or Enter, or press ? or * to list all spells.
You conjure some foxfire!
The foxfire hits the gnoll.
The gnoll is almost dead.
The foxfire hits the gnoll sergeant.
The gnoll sergeant is heavily wounded.
The gnoll sergeant hits you from afar with a +0 spear.
The gnoll barely misses you.
The gnoll hits you from afar with a +0 spear.
The gnoll closely misses you.
Casting: Foxfire (safe; 6% risk of failure)
Confirm with . or Enter, or press ? or * to list all spells.
You conjure some foxfire!
The foxfire hits the gnoll but does no damage.
The gnoll is almost dead.
The foxfire hits the gnoll sergeant.
The gnoll sergeant is heavily wounded.
The gnoll sergeant hits you but does no damage.
The gnoll misses you.
The gnoll hits you from afar with a +0 spear.
The gnoll misses you.
The foxfire hits the gnoll sergeant but does no damage.
The gnoll sergeant is heavily wounded.
The foxfire hits the gnoll sergeant but does no damage.
The gnoll sergeant is heavily wounded.
The gnoll sergeant attacks as it pursues you!
The gnoll sergeant hits you from afar with a +0 spear.
* * * LOW HITPOINT WARNING * * *
The gnoll hits you with a +0 flail.
* * * LOW HITPOINT WARNING * * *
The gnoll attacks as it pursues you!
The gnoll hits you from afar with a +0 halberd.
* * * LOW HITPOINT WARNING * * *
Okay, then.
Unknown command.
Okay, then.
Unknown command.
As you read the scroll labelled SOFRYD MECIESA, it crumbles to dust.
A profound silence engulfs you.
It was a scroll of silence.
The gnoll hits you from afar with a +0 halberd!
You die...

#########
#####.......#
#≈≈≈≈.≈≈≈≈#.######
#≈##≈.≈##≈.......#
##'###≈.g.....#
#...#≈≈ggg....# #
#...#≈≈.g.....# .
#.!.#≈≈.@.....# #
######≈.......#
≈≈≈##≈.......#
≈≈≈≈≈≈.......#
#.........#.###.######
#.........#.###.#
.........#.....##
...............##
#####..............##


You could see a gnoll sergeant and 4 gnolls.

Vanquished Creatures
  An ice beast (D:3)
  2 scorpions (D:4)
  A hound (D:4)
  A bombardier beetle (D:3)
  2 orc priests (D:3)
  An adder (D:3)
  A ribbon worm (D:3)
  3 orcs (D:3)
  6 bats
  8 endoplasms
  8 giant cockroaches
  4 goblins
  7 hobgoblins
  9 jackals
  3 quokkas (D:3)
  5 ball pythons
  4 frilled lizards
  5 kobolds
  8 rats
79 creatures vanquished.

Vanquished Creatures (collateral kills)
  3 foxfires (D:4)
3 creatures vanquished.

Vanquished Creatures (others)
  304 foxfires
304 creatures vanquished.

Grand Total: 386 creatures vanquished

Notes
Turn   | Place    | Note
-------+----------+-------------------------------------------
     0 | D:1      | dcgrp the Mountain Dwarf Fire Elementalist began the quest
                  | for the Orb.
     0 | D:1      | Reached XP level 1. HP: 14/14 MP: 3/3
   141 | D:1      | Reached skill level 1 in Fighting
   278 | D:1      | Reached XP level 2. HP: 24/24 MP: 2/4
   795 | D:2      | Reached skill level 4 in Fire Magic
   849 | D:2      | Reached XP level 3. HP: 29/29 MP: 6/6
  1055 | D:2      | Learned a level 2 spell: Blink
  1174 | D:2      | Reached skill level 1 in Armour
  1695 | D:3      | Noticed an ice beast
  2048 | D:3      | Reached XP level 4. HP: 36/36 MP: 2/7
  2392 | D:3      | Reached skill level 1 in Translocations
  2407 | D:3      | Killed an ice beast
  2408 | D:3      | Reached skill level 5 in Fire Magic
  2408 | D:3      | Reached XP level 5. HP: 41/41 MP: 3/9
  2536 | D:3      | Reached XP level 6. HP: 50/50 MP: 4/10
  2664 | D:4      | Found Pall's Weapon Shop.
  2679 | D:4      | Found a basalt altar of Yredelemnul.
  2731 | D:4      | Found a shimmering altar of Xom.
  2778 | D:4      | Found a runed translucent door.
  2779 | D:4      | Noticed Crazy Yiuf
  2914 | D:4      | Reached skill level 1 in Axes
  3051 | D:4      | Slain by a gnoll

Illustrated notes

Levels and vault maps discovered:
D:1:      psy_arrival_statuary, layout_basic
D:2:      layout_basic, minmay_pentomino_o4
D:3:      layout_loops_cross, minmay_fractal_squares_diagonal_5
D:4:      cheibrodos_old_hovel, layout_rooms, lemuel_tele_altar,
          amcnicky_altar_gilded, serial_shops,
          nicolae_shop_bloodbath_and_beyond, lightli_minifort,
          uniq_crazy_yiuf_cottage

Skill      XL: |  1  2  3  4  5  6 |
---------------+-------------------+-----
Fighting       | 1 2 3 |  3.0
Spellcasting   | 2 3 |  3.0
Fire Magic     | 4 5 |  5.0
Armour         | 1 2 3 |  3.0
Translocations | 1 2 |  2.0
Axes           | 2 |  2.4
Dodging        | |  1.3
Stealth        | |  1.4
Conjurations   | |  0.8

Action                     |  1- 3 |  4- 6 || total
---------------------------+-------+-------++-------
  Melee: Hand axe          |    61 |     9 ||    70
         War axe           |       |     2 ||     2
   Cast: Foxfire           |    88 |    97 ||   185
    Use: Scroll            |     1 |     1 ||     2
 Armour: Robe              |    27 |       ||    27
         Ring mail         |    37 |    34 ||    71
         Leather armour    |     7 |       ||     7
  Dodge: Dodged            |    51 |    14 ||    65

Table legend: (Time is in decaauts)
 A = Elapsed time spent in this place.
 B = Non-inter-level travel time spent in this place.
 C = Inter-level travel time spent in this place.
 D = Time resting spent in this place.
 E = Time spent auto-exploring this place.
 F = Levels seen in this place.
 G = Mean time per level.
                   A        B        C        D        E       F      G
               +--------+--------+--------+--------+--------+-----+--------+
         Total |   3072 |   3038 |     34 |      0 |   2294 |   4 |  768.0 |
       Dungeon |   3072 |   3038 |     34 |      0 |   2294 |   4 |  768.0 |
               +--------+--------+--------+--------+--------+-----+--------+

Top non-repeatable levels by time:
     D:3: 945 daAuts
     D:2: 890 daAuts
     D:1: 770 daAuts
     D:4: 465 daAuts
